 Dungeon Crawl Stone Soup version 0.28.0-43-g3370ac3207 (webtiles) character file.

Game seed: 17051788398648201975

21 pkoi the Chiller (level 2, -7/17 HPs)
             Began as an Octopode Ice Elementalist on Mar 17, 2022.
             Mangled by Natasha (8 damage)
             ... on level 2 of the Dungeon.
             The game lasted 00:00:49 (1498 turns).

pkoi the Chiller (Octopode Ice Elementalist)        Turns: 1498, Time: 00:00:50

Health: -7/17      AC:  1    Str:  7    XL:     2   Next: 83%
Magic:  3/5        EV: 13    Int: 17    God:
Gold:   58         SH:  0    Dex: 12    Spells: 4/5 levels left

rFire   . . .      SeeInvis .   i - +2 war axe (flame)
rCold   . . .      Faith    .   (no shield)
rNeg    . . .      Spirit   .   (helmet restricted)
rPois   .          Reflect  .   (no amulet)
rElec   .          Harm     .   (no ring)
rCorr   .          Rampage  .   (no ring)
Will    .....                   (no ring)
Stlth   +++.......              (no ring)
HPRegen 0.05/turn               (no ring)
MPRegen 0.09/turn               (no ring)
                                (no ring)
                                (no ring)

@: slowed, very slow
A: almost no armour, amphibious, 8 rings, camouflage 1, gelatinous body 1,
(nimble swimmer 1), tentacles
a: no special abilities


You were on level 2 of the Dungeon.
You visited 1 branch of the dungeon, and saw 2 of its levels.

You collected 58 gold pieces.

Inventory:

Hand Weapons
 b - a +0 club
 d - a +0 hand axe
 h - a +0 whip
 i - a +2 war axe of flaming (weapon)
Scrolls
 a - a scroll of blinking {unknown}
 c - a scroll of fear {unknown}
Potions
 e - a potion of curing {unknown}
 f - a potion of heal wounds {unknown}
 g - a potion of haste {unknown}


   Skills:
 - Level 2.0 Dodging
 - Level 2.6 Stealth
 - Level 2.0 Spellcasting
 + Level 4.8 Ice Magic


You had 4 spell levels left.
You knew the following spells:

 Your Spells              Type           Power      Damage    Failure   Level
a - Freeze                Ice            72%        1d9       2%          1

Your spell library contained the following spells:

 Spells                   Type           Power      Damage    Failure   Level
 Frozen Ramparts          Ice            36%        1d5       8%          3
 Ozocubu's Armour         Ice            18%        N/A       8%          3
 Hailstorm                Conj/Ice       9%         3d4       58%         4


Dungeon Overview and Level Annotations

Branches:
Dungeon (2/15)

Altars:

Annotations:
D:2 Natasha


Innate Abilities, Weirdness & Mutations

You cannot wear most types of armour.
You are amphibious.
You can wear up to eight rings at the same time.
Your skin changes colour to match your surroundings (Stealth+).
Your rubbery body absorbs attacks. (AC +1, EV +1)
((You are camouflaged when in or above water. (Stealth+)))
You have tentacles for arms and can constrict up to eight enemies at once.


Message History

Done exploring.
Done exploring.
(D) Dungeon
Where to? (Enter - D:1 @ (x,y), ? - help)
There is a stone staircase leading down here.
You climb downwards.
The kobold shouts!
You hear an angry hiss.
You hear a shout!
There is a stone staircase leading up here.
A kobold is nearby!
A kobold is nearby!
Natasha, Servant of Life and Death comes into view.
The kobold hits you with a +0 whip.
* * * LOW HITPOINT WARNING * * *
You barely miss the kobold. You grab the kobold. You hit Natasha.
You burn Natasha.
You constrict the kobold, but do no damage.
Natasha misses you. The kobold barely misses you.
A kobold comes into view. It is wielding a +0 dagger.
Natasha casts a spell at you. The magic dart hits you!
* * * LOW HITPOINT WARNING * * *
Aiming: Freeze (safe; 2% risk of failure)
Press: ? - help, Q - select action Shift-Dir - straight line, f - Natasha
Aim: Natasha (moderately wounded)
You freeze Natasha.
Natasha is heavily wounded.
You constrict the kobold, but do no damage.
The kobold hits you with a +0 whip.
* * * LOW HITPOINT WARNING * * *
Natasha casts a spell at you.
You feel yourself slow down.
Aiming: Freeze (safe; 2% risk of failure)
Press: ? - help, Q - select action Shift-Dir - straight line, f/p - Natasha
Aim: Natasha (heavily wounded)
You freeze Natasha!
Natasha is almost dead.
You constrict the kobold, but do no damage.
A frilled lizard comes into view.
The kobold closely misses you. Natasha claws you!
You die...

#########
#.....<.#
#.#####.#
#@#
#Kh......
#K.....##
#...##...
l.#.. ..
......
#####..
.##


You could see Natasha, 2 kobolds and a frilled lizard (wandering).

Vanquished Creatures
  A ball python (D:1)
  2 endoplasms (D:1)
  3 giant cockroaches (D:1)
  3 goblins (D:1)
  A hobgoblin (D:1)
  4 jackals (D:1)
  2 rats (D:1)
16 creatures vanquished.

Notes
Turn   | Place    | Note
-------+----------+-------------------------------------------
     0 | D:1      | pkoi the Octopode Ice Elementalist began the quest for the
                  | Orb.
     0 | D:1      | Reached XP level 1. HP: 11/11 MP: 3/3
   419 | D:1      | Reached XP level 2. HP: 10/17 MP: 1/5
   749 | D:1      | Found a faded altar of an unknown god.
  1494 | D:2      | Noticed Natasha
  1498 | D:2      | Mangled by Natasha

Illustrated notes

Levels and vault maps discovered:
D:1:      co_arrival_random_square_maze, layout_rooms,
          hellmonk_ecumenical_altar_arch_garden
D:2:      layout_loops_ring, uniq_natasha

Action                   || total
-------------------------++-------
Melee: Unarmed           ||    22
       Constrict         ||     6
       Tentacles         ||     4
       Hand axe          ||     6
       Whip              ||     2
       War axe           ||     1
 Cast: Freeze            ||    15
Armor: Skin              ||     2
Dodge: Dodged            ||    37
